 Dungeon Crawl Stone Soup version 0.23.1 (webtiles) character file.

Game seed: 0

5864 Irenicus the Geomancer (level 10, -1/75 HPs)
             Began as a Deep Dwarf Earth Elementalist on Mar 12, 2019.
             Was a Believer of Makhleb.
             Slain by a troll (7 damage)
             ... on level 10 of the Dungeon.
             The game lasted 00:41:24 (4705 turns).

Irenicus the Geomancer (DDEE)                       Turns: 4705, Time: 00:41:25

Health: -1/75      AC:  5    Str: 11    XL:     10   Next: 52%
Magic:  5/22       EV: 12    Int: 20    God:    Makhleb [**....]
Gold:   273        SH:  0    Dex: 13    Spells: 10/25 levels left

rFire    . . .     SeeInvis .   i - +0 dagger
rCold    . . .     Gourm    .   (no shield)
rNeg     . . .     Faith    .   m - +0 leather armour
rPois    .         Spirit   .   C - +1 helmet
rElec    .         Reflect  .   (no cloak)
rCorr    .         Harm     .   (no gloves)
MR       +....                  (no boots)
Stlth    ++........             A - amulet of magic regeneration
HPRegen  0.00/turn              (no ring)
MPRegen  0.43/turn              (no ring)

@: marked, very slightly contaminated, non-regenerating, lightly drained
A: damage resistance, heal wounds, sense surroundings 2, no regeneration
a: Heal Wounds, Minor Destruction, Renounce Religion


You were on level 10 of the Dungeon.
You worshipped Makhleb.
Makhleb was pleased with you.
You were hungry.

You visited 2 branches of the dungeon, and saw 11 of its levels.
You also visited: Ossuary.

You collected 663 gold pieces.
You spent 390 gold pieces at shops.

Inventory:

Hand Weapons
 a - a -1 spear
   (You found it on level 1 of the Dungeon)
 i - a +0 dagger (weapon)
   (You found it on level 5 of the Dungeon)
Missiles
 j - 20 stones (quivered)
Armour
 e - the +3 chain mail of Eternal Vigilance {rCorr}
   (You found it on level 7 of the Dungeon)

   It provides partial protection from all sources of acid and corrosion.
 m - a +0 leather armour (worn)
   (You took it off an orc on level 3 of the Dungeon)
 C - a +1 helmet (worn)
   (You found it on level 9 of the Dungeon)
Jewellery
 n - an uncursed ring of fire {rF+, rC-}
   (You found it on level 5 of the Dungeon)
 A - an amulet of magic regeneration (around neck)
   (You bought it in a shop on level 4 of the Dungeon)
Wands
 l - a wand of paralysis (7)
   (You found it on level 3 of the Dungeon)
 r - a wand of acid (4)
   (You found it on level 5 of the Dungeon)
 v - a wand of iceblast (11)
   (You found it on level 6 of the Dungeon)
 x - a wand of polymorph (6)
   (You found it on level 9 of the Dungeon)
Scrolls
 b - 2 scrolls of enchant weapon {unknown}
 c - 2 scrolls of identify
 p - 4 scrolls of teleportation
 q - 2 scrolls of blinking {!r}
 t - 2 scrolls of immolation {!r}
 u - 5 scrolls of remove curse
 y - a scroll of summoning {unknown}
Potions
 f - 3 potions of might
 g - 3 potions of brilliance
 h - 6 potions of curing
 k - a potion of agility
 o - 2 potions of haste
 s - 3 potions of flight
 w - a potion of berserk rage {!q}
 z - a potion of cancellation
Comestibles
 d - 17 rations


   Skills:
 - Level 2.1 Dodging
 + Level 3.8 Stealth
 - Level 8.0(7.9) Spellcasting
 - Level 7.2(7.1) Conjurations
 - Level 0.8 Transmutations
 - Level 13.1(13.0) Earth Magic


You had 10 spell levels left.
You knew the following spells:

 Your Spells              Type           Power        Failure   Level  Hunger
a - Sandblast             Erth           ######       1%          1    None
c - Petrify               Tmut/Erth      #####...     6%          4    ###....
w - Passwall              Tmut/Erth      #####...     1%          2    None
x - Stone Arrow           Conj/Erth      #####.       1%          3    None
z - Lee's Rapid Deconstr  Erth           ######....   1%          5    #####..

Your spell library contained the following spells:

 Spells                   Type           Power        Failure   Level  Hunger


Dungeon Overview and Level Annotations

Branches:
Dungeon (10/15)            Temple (1/1) D:5            Lair (0/6) D:10
    Orc (0/2) D:10

Altars:
Ashenzari
Cheibriados
Dithmenos
Elyvilon
Fedhas
Gozag
Hepliaklqana
Kikubaaqudgha
Makhleb
Nemelex Xobeh
Okawaru
Qazlal
Ru
Sif Muna
Trog
Uskayaw
Vehumet
Wu Jian
Xom
Yredelemnul
Zin
The Shining One

Shops:
D:4 =   D:5 :

Annotations:
D:9 exclusion: downstairs


Innate Abilities, Weirdness & Mutations

You are resistant to damage.
You can heal yourself by infusing magical energy.
You passively map the area around you.
You do not regenerate.


Message History

a cursed +0 dagger; a +0 robe; a +3 dagger; a +0 robe; an orc corpse You take 9 damage, and have 38/75 hp.
A worker ant comes into view.
The orc warrior stops moving altogether!
An orc wizard comes into view. It is wielding a +0 dagger.
Aim: a bullfrog The bolt of acid misses the bullfrog.
The bolt of acid hits the adder!
The adder is splashed with acid!
You kill the adder!
Makhleb accepts your kill. The bullfrog misses you.
An orc comes into view. It is wielding a +0 mace.
The orc wizard casts a cantrip, but nothing happens.
The bullfrog barely misses you.
Aim: an orc, wielding a +0 falchion The bolt of acid hits the orc warrior!
The orc warrior is splashed with acid.
The bolt of acid hits the orc!
The orc is splashed with acid.
You kill the orc!
Makhleb accepts your kill.
You feel better. The hound bites you.
The bullfrog hits you but does no damage.
The hound bites you.
The helpless orc warrior fails to defend itself.
You hit the orc warrior. The bullfrog hits you.
An orc wizard comes into view. It is wielding a -3 dagger.
The hound bites you but does no damage.
An orc wizard comes into view. It is wielding a +0 dagger.
The bullfrog hits you.
You take 2 damage, and have 36/75 hp.
Aim: a worker ant The bolt of acid hits the hound!
The hound is splashed with acid.
The acid corrodes the hound!
The bolt of acid hits the worker ant.
The worker ant is splashed with acid.
The acid corrodes the worker ant!
The bolt of acid hits the worker ant!
The worker ant is splashed with acid.
The acid corrodes the worker ant!
You kill the worker ant!
Makhleb accepts your kill. The hound barely misses you.
An orc wizard comes into view. It is wielding a +0 dagger.
The bullfrog hits you. The hound bites you.
The orc wizard moves out of view.
You take 5 damage, and have 31/75 hp.
Aim: a bullfrog
Okay, then.
Okay, then.
Wield which item (- for none, * to show all)? (? for menu, Esc to quit)
Okay, then.
Aim: a bullfrog
Okay, then.
The helpless orc warrior fails to defend itself.
You hit the orc warrior. The bullfrog barely misses you.
An orc comes into view. It is wielding a +0 falchion.
The hound stops to sniff the ground.
The hound bites you but does no damage. The bullfrog misses you.
Fragment what (e.g. wall or brittle monster)?: an orc warrior, wielding a -3 battleaxe and wearing a +0 plate armour (severely wounded, petrified)
Okay, then.
Fragment what (e.g. wall or brittle monster)?: an orc warrior, wielding a -3 battleaxe and wearing a +0 plate armour (severely wounded, petrified) That beam is likely to hit you.
Continue anyway?
The orc warrior shatters!!
You blow up the orc warrior!
Makhleb accepts your kill.
You feel better.
Your Stealth skill increases to level 3!
The blast of petrified fragments hits you!
* * * LOW HITPOINT WARNING * * *
The blast of petrified fragments hits the worker ant!
You kill the worker ant!
Makhleb accepts your kill.
You feel better.
The blast of petrified fragments hits the hound!!!
You kill the hound!
Makhleb accepts your kill.
You feel better.
The blast of petrified fragments hits the troll!
The blast of petrified fragments hits the bullfrog!!
You kill the bullfrog!
Makhleb accepts your kill.
The blast of petrified fragments hits the leopard gecko!!
You kill the leopard gecko!
Makhleb accepts your kill.
You feel better.
An orc comes into view. It is wielding a +0 hand axe.
A leopard gecko comes into view.
You take 1 damage, and have 30/75 hp.
You now have 6/22 mp.
Aim: a troll (moderately wounded)
The blast of sand hits the troll!
j - 21 stones The troll bites you!
* * * LOW HITPOINT WARNING * * *
The troll claws you!
* * * LOW HITPOINT WARNING * * *
The troll claws you.
You take 18 damage, and have 12/75 hp.
MASSIVE DAMAGE!!
You now have 5/22 mp.
Aim: a troll (severely wounded)
The blast of sand hits the troll!
j - 20 stones A troll comes into view.
The troll bites you!
* * * LOW HITPOINT WARNING * * *
The troll closely misses you. The troll claws you!
You die...

### ***###(# #.*#@T)##
##.##Zo.o#* *#...#†..o)#**
****..>..†.)#oo.## ******
**,,,........##oo.##*,,,,*
***,,,,...l.....#.....,,,,,*
*****,,,,,,.........[..T.#,,,,**
,,*,*,,,,,,#.%....<......#,,,****
,,,,,,,,,,,........(......,,*,,,*


You could see 2 trolls, 4 orc wizards, 3 orcs, a worker ant zombie and a leopard
gecko.

Vanquished Creatures
  2 hippogriffs
  2 wyverns (D:9)
  A human (D:7)
  3 hogs (D:7)
  A yak (D:7)
  2 hungry ghosts
  Duvessa (D:7)
  2 water moccasins (D:9)
  2 orc warriors
  2 sky beasts
  A necrophage (D:9)
  2 ice beasts
  2 ogres
  3 phantoms
  5 centaurs
  4 bullfrogs
  A scorpion (D:8)
  Dowan (D:7)
  5 wights (D:7)
  3 electric eels (D:8)
  4 howler monkeys
  3 bullfrog zombies
  4 crimson imps
  A centaur zombie (D:9)
  3 hounds
  3 jellies
  2 bullfrog skeletons
  6 orc priests
  An iguana (D:6)
  7 orc wizards
  14 worker ants
  2 hound zombies
  3 hound skeletons
  8 mummies (Ossuary)
  A howler monkey zombie (D:5)
  A howler monkey skeleton (D:2)
  12 adders
  A shadow imp (D:9)
  An adder skeleton (D:8)
  2 worms
  4 dart slugs
  5 leopard geckos
  23 orcs
  6 bats
  8 giant cockroaches
  3 hobgoblins
  16 jackals
  3 quokkas
  6 frilled lizards
  5 goblins
  2 hobgoblin zombies (Ossuary)
  11 kobolds
  2 kobold zombies (Ossuary)
  4 orc zombies (Ossuary)
  A quokka skeleton (D:5)
  4 rats
227 creatures vanquished.

Vanquished Creatures (others)
  2 jackals (D:8)
2 creatures vanquished.

Grand Total: 229 creatures vanquished

Notes
Turn   | Place    | Note
-------+----------+-------------------------------------------
     0 | D:1      | Irenicus the Deep Dwarf Earth Elementalist began the quest
                  | for the Orb.
     0 | D:1      | Reached XP level 1. HP: 15/15 MP: 3/3
    97 | D:1      | Reached skill level 2 in Spellcasting
   180 | D:1      | Reached XP level 2. HP: 11/22 MP: 1/5
   283 | D:1      | Reached skill level 5 in Earth Magic
   344 | D:1      | HP: 5/22 [rat (1)]
   443 | D:1      | Learned a level 2 spell: Passwall
   515 | D:1      | Reached XP level 3. HP: 7/28 MP: 4/6
   663 | D:2      | Reached skill level 6 in Earth Magic
   820 | D:2      | HP: 3/28 [dart slug/slug dart (4)]
  1095 | D:3      | Reached XP level 4. HP: 36/36 MP: 1/7
  1206 | D:3      | Reached skill level 7 in Earth Magic
  1549 | D:4      | Reached XP level 5. HP: 31/42 MP: 3/8
  1711 | D:4      | Found Hug Yramp's Jewellery Shoppe.
  1766 | D:4      | Reached skill level 8 in Earth Magic
  1800 | D:5      | Entered Level 5 of the Dungeon
  1869 | D:5      | Found a staircase to the Ecumenical Temple.
  1878 | Temple   | Entered the Ecumenical Temple
  2005 | D:5      | Noticed an ogre
  2006 | D:5      | Reached XP level 6. HP: 16/49 MP: 6/9
  2015 | D:5      | Reached skill level 9 in Earth Magic
  2087 | D:5      | Found Myoronne's Book Shoppe.
  2183 | D:5      | Reached skill level 10 in Earth Magic
  2200 | D:5      | Reached XP level 7. HP: 18/55 MP: 0/10
  2322 | D:6      | Reached skill level 11 in Earth Magic
  2365 | D:6      | Reached skill level 12 in Earth Magic
  2459 | D:6      | Found a sand-covered staircase.
  2464 | Ossuary  | Entered an ossuary
  2469 | Ossuary  | Reached XP level 8. HP: 39/62 MP: 9/11
  2707 | D:6      | HP: 8/62 [iguana (10)]
  2710 | D:6      | Reached skill level 13 in Earth Magic
  2738 | D:6      | Learned a level 5 spell: Lee's Rapid Deconstruction
  2778 | D:6      | Reached skill level 3 in Spellcasting
  2939 | D:4      | Bought an uncursed amulet of magic regeneration for 390
                  | gold pieces
  2996 | D:7      | Reached skill level 4 in Spellcasting
  3009 | D:7      | Noticed Dowan
  3019 | D:7      | Learned a level 3 spell: Stone Arrow
  3032 | D:7      | Killed Dowan
  3057 | D:7      | Noticed Duvessa
  3068 | D:7      | Killed Duvessa
  3068 | D:7      | Reached skill level 5 in Spellcasting
  3068 | D:7      | HP: 13/62 [worker ant (3)]
  3116 | D:7      | Got a shimmering chain mail
  3127 | D:7      | Identified the +3 chain mail of Eternal Vigilance {rCorr}
                  | (You found it on level 7 of the Dungeon)
  3185 | D:7      | Found a burning altar of Makhleb.
  3188 | D:7      | Became a worshipper of Makhleb the Destroyer
  3197 | D:7      | Gained mutation: You passively map the area around you.
                  | [Deep Dwarf growth]
  3197 | D:7      | Reached XP level 9. HP: 15/68 MP: 10/17
  3211 | D:7      | HP: 6/68 [ice beast (9)]
  3212 | D:7      | Reached skill level 6 in Spellcasting
  3226 | D:7      | You fall through a shaft for 3 floors!
  3226 | D:10     | Entered Level 10 of the Dungeon
  3265 | D:10     | Noticed a two-headed ogre
  3283 | D:10     | Noticed a troll
  3517 | D:8      | Reached skill level 1 in Conjurations
  3559 | D:8      | Reached skill level 7 in Spellcasting
  3559 | D:8      | Reached * piety under Makhleb
  3561 | D:8      | Reached skill level 2 in Conjurations
  3601 | D:8      | HP: 16/68 [bullfrog (4)]
  3603 | D:8      | Reached skill level 3 in Conjurations
  3724 | D:7      | Reached skill level 4 in Conjurations
  3725 | D:7      | Reached skill level 8 in Spellcasting
  3725 | D:7      | Reached XP level 10. HP: 53/75 MP: 6/22
  3892 | D:8      | HP: 15/75 [electric eel/bolt of electricity (8)]
  3893 | D:8      | HP: 4/75 [electric eel/bolt of electricity (11)]
  3915 | D:8      | HP: 2/75 [electric eel/bolt of electricity (5)]
  3926 | D:8      | Reached skill level 5 in Conjurations
  3928 | D:8      | HP: 15/75 [electric eel/bolt of electricity (7)]
  4097 | D:9      | HP: 17/75 [wyvern (9)]
  4108 | D:9      | HP: 14/75 [leopard gecko (3)]
  4128 | D:9      | Reached ** piety under Makhleb
  4140 | D:9      | HP: 11/75 [phantom (6)]
  4141 | D:9      | Reached skill level 6 in Conjurations
  4152 | D:9      | HP: 10/75 [sky beast (1)]
  4155 | D:9      | HP: 2/75 [sky beast (4)]
  4195 | D:9      | HP: 18/75 [centaur/arrow (8)]
  4294 | D:9      | HP: 16/75 [water moccasin (3)]
  4367 | D:9      | Learned a level 4 spell: Petrify
  4509 | D:9      | Reached skill level 7 in Conjurations
  4550 | D:10     | Found a staircase to the Lair.
  4703 | D:10     | Reached skill level 3 in Stealth
  4704 | D:10     | HP: 12/75 [troll (8)]
  4705 | D:10     | Slain by a troll

Skill      XL: |  1  2  3  4  5  6  7  8  9 10 |
---------------+-------------------------------+-----
Spellcasting   | 2 5 8 |  8.0
Earth Magic    | 5 6 7 8 10 12 13 | 13.1
Conjurations   | 4 7 |  7.2
Stealth        | 3 |  3.8
Dodging        | |  2.1
Transmutations | |  0.8

Action                   |  1- 3 |  4- 6 |  7- 9 | 10-12 || total
-------------------------+-------+-------+-------+-------++-------
Melee: Spear             |    41 |    14 |    10 |    15 ||    80
       Dagger            |       |       |       |     5 ||     5
 Cast: Sandblast         |    41 |    73 |   113 |     7 ||   234
       Passwall          |     9 |     7 |     5 |    17 ||    38
       Stone Arrow       |       |       |    17 |    42 ||    59
       Lee's Rapid Decon |       |       |    10 |    20 ||    30
       Petrify           |       |       |       |     2 ||     2
 Abil: Heal Wounds       |     1 |       |     1 |     3 ||     5
Evoke: Wand              |       |       |     5 |     6 ||    11
  Use: Scroll            |     2 |    10 |     5 |     2 ||    19
       Potion            |       |     1 |     8 |     2 ||    11
 Stab: Sleeping          |     3 |       |       |       ||     3
       Petrified         |       |       |       |     5 ||     5
  Eat: Ration            |       |     1 |     1 |       ||     2
       Chunk             |       |     4 |     4 |     8 ||    16
Armor: Robe              |    13 |     2 |       |       ||    15
       Leather armour    |       |     6 |     6 |    16 ||    28
Dodge: Dodged            |    36 |    29 |    37 |    41 ||   143

Levels and vault maps discovered:
D:1:      matt_arrival_los_fun, layout_loops_ring
D:2:      layout_loops_ring, minmay_tree_intersection, grunt_ministairs_10
D:3:      layout_basic
D:4:      layout_basic, serial_shops, kennysheep_little_box
D:5:      layout_loops_ring, lemuel_temple_firewalk_b, serial_shops,
          nicolae_shop_competitors_out_of_business, first_ration
D:6:      layout_rooms, nicolae_ossuary_entry_false_entrances
D:7:      layout_rooms, kennysheep_mini_moat, grunt_livestock,
          minmay_misc_feat_tower, uniq_duvessa
D:8:      layout_cave_pools, chequers_big_river, abandoned_shop
D:9:      layout_basic
D:10:     layout_cave_pools, lair_entry_dummy, hiddenorc1_lemuel,
          grunt_decor_arrowhead
Temple:   kilobyte_greek_temple
Ossuary:  ossuary_tomb_3

Table legend:
 A = Turns spent in this place as a percentage of turns spent in the entire game.
 B = Non-inter-level travel turns spent in this place as a percentage of non-inter-level travel turns spent in the entire game.
 C = Inter-level travel turns spent in this place as a percentage of turns spent in this place.
 D = Turns resting spent in this place as a percentage of non-inter-level travel turns spent in this place.
 E = Turns spent auto-exploring this place as a percentage of non-inter-level travel turns spent in this place.
 F = Non-inter-level travel turns spent in this place divided by the number of levels of this place that you've seen.
                   A       B       C       D       E      F
               +-------+-------+-------+-------+-------+----------------------
         Total | 100.0 | 100.0 |   0.0 |   0.3 |   0.0 | 392.1
       Dungeon |  94.8 |  94.8 |   0.0 |   0.3 |   0.0 | 446.1
        Temple |   1.6 |   1.6 |   0.0 |   0.0 |   0.0 |  77.0
       Ossuary |   3.5 |   3.5 |   0.0 |   0.0 |   0.0 | 167.0
               +-------+-------+-------+-------+-------+----------------------

Table legend:
 A = Kills in this place as a percentage of kills in entire the game.
 B = Kills by you in this place as a percentage of kills by you in the entire game.
 C = Kills by friends in this place as a percentage of kills by friends in the entire game.
 D = Other kills in this place as a percentage of other kills in the entire game.
 E = Experience gained in this place as a percentage of experience gained in the entire game.
 F = Experience gained in this place divided by the number of levels of this place that you have seen.
                   A       B       C       D       E      F
               +-------+-------+-------+-------+-------+----------------------
         Total | 100.0 | 100.0 |   N/A |   N/A | 100.0 | 698.2
       Dungeon |  93.0 |  93.0 |   N/A |   N/A |  98.2 | 822.5
       Ossuary |   7.0 |   7.0 |   N/A |   N/A |   1.8 | 153.0
               +-------+-------+-------+-------+-------+----------------------
